 Dungeon Crawl Stone Soup version 0.19.3-1-g3169bf9 (webtiles) character file.

90 Alarkh the Insei (level 4, -1/34 HPs)
             Began as a Vampire Monk on Jan 26, 2017.
             Killed from afar by an orc wizard (9 damage)
             ... with a magic dart
             ... on level 3 of the Dungeon.
             The game lasted 00:02:51 (1309 turns).

Alarkh the Insei (Vampire Monk)                     Turns: 1309, Time: 00:02:51

Health: -1/34      AC:  0    Str: 10    XL:     4   Next: 32%
Magic:  4/4        EV: 22    Int: 13    God:
Gold:   127        SH:  0    Dex: 21    Spells: 0 memorised, 3 levels left

rFire  . . .     SeeInvis +       - Unarmed
rCold  + . .     Gourm    .     (armour currently unavailable)
rNeg   + + .     Faith    .     (shield currently unavailable)
rPois  +         Spirit   .     (helmet currently unavailable)
rElec  .         Reflect  .     (cloak currently unavailable)
rCorr  .         Harm     .     (gloves currently unavailable)
MR     .....                    (boots currently unavailable)
Stlth  +++++.....               (no amulet)
                                (ring currently unavailable)
                                (ring currently unavailable)

@: bat-form, flying, regenerating slowly, very quick
A: fangs 3, see invisible, (unbreathing)
a: End Transformation


You were on level 3 of the Dungeon.
You were thirsty.
You were in vampire-bat-form.
You visited 1 branch of the dungeon, and saw 3 of its levels.

You collected 127 gold pieces.

Inventory:

Armour
 a - a +0 robe (melded)
 f - a +0 pair of boots (melded)
 l - a +0 cloak (melded)
Scrolls
 d - a scroll of fear {unknown}
 e - a scroll of identify
 h - a scroll of random uselessness {unknown}
 i - 2 scrolls of enchant armour {unknown}
 j - a scroll of amnesia {unknown}
 k - a scroll of remove curse {unknown}
Potions
 b - 19 potions of blood
 c - a potion of lignification
 g - a potion of flight


   Skills:
 - Level 2.6 Fighting
 - Level 3.2 Dodging
 - Level 3.0 Stealth
 * Level 5.7 Unarmed Combat


You had 3 spell levels left.
You didn't know any spells.

Dungeon Overview and Level Annotations

Branches:
Dungeon (3/15)

Altars:
The Shining One

Annotations:
D:1 2 exclusions


Innate Abilities, Weirdness & Mutations

You heal slowly.
You have razor-sharp teeth.
You have supernaturally acute eyesight. (SInv)
((You can survive without breathing.))


Message History

Adjust which ability? f - Bat Form Adjust to which letter? z - Bat Form
Okay, then.
You turn into a vampire bat.
Your +0 cloak melds into your body.
Your +0 pair of boots melds into your body.
Your +0 robe melds into your body.
The giant cockroach bites you.
* * * LOW HITPOINT WARNING * * *
The gnoll completely misses you.
The giant cockroach completely misses you.
Unknown command.
The leopard gecko hisses menacingly.
The orc shouts!
You hit the orc.
The orc is lightly wounded.
The orc barely misses you.
The orc wizard gestures at you while chanting.
The magic dart hits you!
You die...

####.##########.#.# #....#
#.#.# ###.## #g#.# #.# #.#.#
##########.# #o#.##
##.....%....# ######.#...
#.################.....o..##
#.# ##......o...............
#.# #......b.....#..####.###
#.# #os##.####.#.#..##.....#
#.###..##.# #.#.#..#.).....
#...o.....# ##.#.#..#......o
#####.s######...#....)†._...
#...........##..#.......
#l.######...#...#.......
#..#######)#?##.##.....#
#............##.####.###


You could see an orc wizard, an orc and a giant cockroach.

Vanquished Creatures
  2 adders
  A gnoll (D:3)
  2 oozes
  2 dart slugs (D:1)
  2 leopard geckos
  2 orcs (D:3)
  2 ball pythons
  4 goblins (D:1)
  6 hobgoblins
  4 jackals (D:2)
  5 bats
  6 frilled lizards
  4 kobolds
  5 rats (D:1)
47 creatures vanquished.

Notes
Turn   | Place    | Note
-------+----------+-------------------------------------------
     0 | D:1      | Alarkh the Vampire Monk began the quest for the Orb.
     0 | D:1      | Reached XP level 1. HP: 17/17 MP: 1/1
   279 | D:1      | Reached XP level 2. HP: 20/23 MP: 2/2
   298 | D:1      | Reached skill level 4 in Unarmed Combat
   612 | D:1      | Reached XP level 3. HP: 25/28 MP: 3/3
   940 | D:2      | Reached skill level 5 in Unarmed Combat
  1082 | D:2      | You fall through a shaft!
  1107 | D:3      | Found a glowing golden altar of the Shining One.
  1136 | D:3      | Reached XP level 4. HP: 32/34 MP: 4/4
  1309 | D:3      | Killed from afar by an orc wizard

Skill      XL: |  1  2  3 |
---------------+----------+-----
Unarmed Combat | 4 5 |  5.7
Fighting       | |  2.6
Dodging        | |  3.2
Stealth        | |  3.0

Action                   |  1- 3 |  4- 6 || total
-------------------------+-------+-------++-------
Melee: Unarmed           |   111 |    21 ||   132
       Bite              |    11 |     4 ||    15
       Punch             |     1 |     2 ||     3
 Abil: Bat Form          |       |     2 ||     2
       End Transformatio |       |     1 ||     1
  Use: Scroll            |     3 |       ||     3
       Potion            |       |     1 ||     1
 Stab: Sleeping          |     5 |     1 ||     6
Armor: Robe              |    24 |     8 ||    32
Dodge: Dodged            |    89 |    24 ||   113
